Map: Simulacrum LE

Players

prospeKt - Winner!

  • Race: Zerg Zerg
  • League: Platinum
  • Spawn Location: 5:00

VOD

Have the link to the VOD?

Description

Time

  • Played on: June 5, 2020, 5:36 a.m.
  • Length: 20:29
Show
View Real Time Build Order
Export as new Build Order

prospeKt Zerg - Winner!

Build Orders:  

Get SALT Encoding   

  12  0:01  Drone  
  13  0:17  Overlord  
  13  0:23  Drone  
  14  0:42  Drone x2  
  16  0:55  Drone  
  17  1:15  Hatchery  
  16  1:20  Drone  
  16  1:23  Drone  
  18  1:46  Spawning Pool  
  18  1:48  Drone  
  18  1:57  Drone  
  19  2:03  Drone  
  19  2:07  Extractor  
  19  2:19  Drone  
  20  2:33  Overlord  
  20  2:48  Drone  
  21  2:55  Queen  
  21  2:56  Queen  
  21  2:57  Drone  
  26  3:04  Drone  
  27  3:20  Drone  
  27  3:21  Drone  
  27  3:28  Spine Crawler, Drone  
  29  3:34  Drone  
  30  3:46  Overlord  
  30  3:49  Drone  
  31  3:55  Queen  
  31  3:57  Drone  
  34  4:05  Overlord  
  34  4:11  Drone  
  34  4:13  Lair  
  35  4:21  Roach Warren, Drone  
  35  4:27  Drone  
  36  4:36  Drone x4  
  36  4:39  Drone  
  41  4:40  Drone  
  41  4:44  Drone  
  43  5:06  Extractor  
  43  5:07  Extractor  
  43  5:09  Drone x2  
  43  5:10  Evolution Chamber, Drone x2  
  43  5:19  Drone x6  
  50  5:23  Overlord  
  50  5:28  Overlord  
  50  5:36  Drone  
  51  5:49  Drone  
  52  5:53  Roach  
  54  6:00  Roach  
  54  6:01  Roach x3  
  54  6:08  Hatchery  
  61  6:11  Roach  
  61  6:12  Glial Reconstitution  
  61  6:16  Zerg Missile Weapons Level 1  
  63  6:20  Drone  
  63  6:29  Drone  
  65  6:30  Extractor  
  64  6:42  Roach x2  
  68  6:50  Overlord  
  68  6:54  Overlord  
  68  7:12  Hydralisk Den  
  68  7:14  Evolution Chamber  
  66  7:20  Drone x3  
  66  7:24  Drone  
  66  7:25  Drone  
  71  7:30  Drone x3  
  74  7:50  Drone  
  74  7:51  Drone x8  
  83  8:07  Overlord x3  
  83  8:12  Drone  
  84  8:22  Drone x2  
  84  8:26  Drone  
  84  8:28  Drone x3  
  90  8:36  Drone x3  
  90  8:38  Drone  
  94  8:43  Zerg Ground Armor Level 1  
  94  8:47  Drone  
  95  8:56  Extractor  
  95  8:58  Extractor  
  93  9:08  Drone x8  
  93  9:09  Drone x2  
  103  9:20  Drone  
  103  9:21  Drone x2  
  103  9:29  Zerg Missile Weapons Level 2  
  106  9:35  Overlord, Infestation Pit  
  106  9:36  Overlord x2  
  105  9:43  Drone  
  105  9:49  Drone x2  
  108  10:02  Hatchery  
  107  10:11  Drone x2  
  107  10:12  Drone x9  
  118  10:24  Unknown  
  118  10:36  Spine Crawler  
  118  10:37  Spine Crawler  
  118  10:39  Hydralisk x9  
  134  10:44  Spine Crawler  
  134  10:48  Spine Crawler  
  132  10:57  Hydralisk x3  
  138  11:48  Spine Crawler  
  137  11:51  Spine Crawler  
  137  11:52  Spine Crawler x2  
  137  11:56  Spine Crawler  
  133  12:01  Overlord  
  133  12:02  Overlord x4  
  133  12:03  Extractor  
  133  12:06  Extractor  
  133  12:07  Zerg Ground Armor Level 2  
  131  12:15  Hydralisk x2  
  135  12:24  Spore Crawler  
  134  12:47  Hatchery  
  133  12:52  Hive  
  133  13:05  Hydralisk x4  
  133  13:06  Hydralisk x11  
  163  13:16  Hydralisk x6  
  175  13:50  Drone, Unknown  
  175  13:52  Overlord x4  
  175  13:53  Overlord  
  176  14:26  Hydralisk  
  176  14:27  Hydralisk x11  
  200  14:30  Zerg Missile Weapons Level 3  
  200  14:46  Hatchery  
  199  14:50  Hatchery x2, Drone  
  198  15:15  Hydralisk  
  198  15:21  Zerg Ground Armor Level 3  
  186  15:36  Hydralisk  
  186  15:37  Hydralisk x11  
  186  15:38  Spine Crawler  
  197  15:40  Spine Crawler  
  192  16:00  Drone x2  
  192  16:01  Extractor  
  192  16:02  Extractor  
  192  16:03  Drone  
  192  16:06  Hydralisk x3  
  199  16:40  Overseer  
  199  16:44  Drone  
  178  18:21  Hatchery, Hydralisk x11  
  178  18:23  Hatchery  
  178  18:27  Hatchery  
  178  18:28  Hatchery  
  196  18:33  Hydralisk  
  196  18:34  Hydralisk  
Tags
 
Add a new tag
Caveats
  • Supply blocks, unpowered buildings, or Contaminate may cause inaccurate times.
  • Supply counts are checked every 10 seconds.